 Dungeon Crawl Stone Soup version 0.27-a0-604-g29a88b33a7 (webtiles) character file.

Game seed: 16754373527937818047

33 spiderkeys the Gusty (level 3, -1/19 HPs)
             Began as a Tengu Air Elementalist on Mar 12, 2021.
             Slain by an adder (2 damage)
             ... on level 2 of the Dungeon.
             The game lasted 00:02:13 (1429 turns).

spiderkeys the Gusty (Tengu Air Elementalist)       Turns: 1429, Time: 00:02:14

Health: -1/19      AC:  1    Str:  8    XL:     3   Next: 29%
Magic:  1/7        EV: 13    Int: 18    God:
Gold:   90         SH:  0    Dex: 16    Spells: 5/6 levels left

rFire    . . .     SeeInvis .   e - +0 hand axe
rCold    . . .     Faith    .   (no shield)
rNeg     . . .     Spirit   .   a - +0 robe
rPois    +         Reflect  .   (helmet restricted)
rElec    .         Harm     .   (no cloak)
rCorr    .         Rampage  .   (no gloves)
Will     +....                  (boots unavailable)
Stlth    +++.......             (no amulet)
HPRegen  0.06/turn              f - ring of poison resistance
MPRegen  0.10/turn              (no ring)

@: lethally poisoned (-1 -> -10), attractive
A: beak, talons 3, thin skeletal structure 1, clever 1, deformed body,
strong-willed 1
a: no special abilities


You were on level 2 of the Dungeon.
You visited 1 branch of the dungeon, and saw 2 of its levels.

You collected 90 gold pieces.

Inventory:

Hand Weapons
 e - a +0 hand axe (weapon)
Armour
 a - a +0 robe (worn)
Jewellery
 f - a ring of poison resistance (right hand)
Scrolls
 d - 2 scrolls of identify {unknown}
 g - a scroll of enchant armour {unknown}
 j - a scroll of teleportation {unknown}
Potions
 h - a potion of mutation
 i - a potion of magic {unknown}


   Skills:
 + Level 2.6 Dodging
 - Level 2.0 Stealth
 + Level 2.3 Spellcasting
 + Level 2.2 Conjurations
 * Level 4.7 Air Magic


You had 5 spell levels left.
You knew the following spells:

 Your Spells              Type           Power      Damage    Failure   Level
a - Shock                 Conj/Air       56%        1d6       4%          1

Your spell library contained the following spells:

 Spells                   Type           Power      Damage    Failure   Level
 Swiftness                Air            19%        N/A       3%          2
 Static Discharge         Conj/Air       14%        N/A       13%         3
 Airstrike                Air            9%         N/A       24%         4
 Lightning Bolt           Conj/Air       7%         1d19      75%         5


Dungeon Overview and Level Annotations

Branches:
Dungeon (2/15)

Altars:


Innate Abilities, Weirdness & Mutations

You have a beak for a mouth.
You have claws for feet.
You have a somewhat thin skeletal structure. (Dex +2, Stealth)
Your mind is acute. (Int +2)
Armour fits poorly on your strangely shaped body.
You are strong-willed. (Will+)


Message History

There is a stone staircase leading up here.
Found a stone staircase leading down.
You now have 90 gold pieces (gained 2).
There is a stone staircase leading down here.
Found a stone staircase leading up.
An adder comes into view.
An adder is nearby!
The zap hits the adder.
The adder is lightly wounded.
The zap misses the adder.
The zap hits the adder.
The adder is heavily wounded.
The zap hits the adder.
The adder is severely wounded.
The adder bites you.
The zap misses the adder.
The adder bites you. The adder misses you.
The zap hits the adder.
The adder is almost dead.
The adder barely misses you.
The zap misses the adder.
The adder bites you.
You are poisoned.
The adder poisons you!
The zap misses the adder.
You feel sick. The adder bites you. x2
You are too injured to fight recklessly!
You feel sick.
It was a potion of mutation.
You feel extremely strange.
Your bones become slightly less dense.
You feel clever.
Your body twists and deforms.
You feel strong-willed. The adder bites you.
It was a potion of attraction.
You feel attractive to monsters. The adder bites you.
* * * LOW HITPOINT WARNING * * *
You are more poisoned.
The adder poisons you!
It was a potion of cancellation.
Your magical effects are unravelling.
You feel magically purged.
* * * LOW HITPOINT WARNING * * *
You feel sick. The adder bites you.
You die...

####...... .....
......#######....
............# ...
####..#####.# #.#
#..# #.# #.########
#..#####.###........#
#
#........>....#####.
####...####.####.#
.......# #.#
#@#####.# ####..##
#.# #S.$..<.. ####..#
#.# #.#####.. .......
... ..# ##.##.. ###
#..# #. ### #... ##.#
#.# #.#


You could see an adder.

Vanquished Creatures
  An adder (D:2)
  A worm (D:2)
  A dart slug (D:1)
  A leopard gecko (D:1)
  5 bats (D:1)
  3 giant cockroaches (D:1)
  A hobgoblin (D:1)
  A frilled lizard (D:1)
  A goblin (D:2)
  4 rats
19 creatures vanquished.

Notes
Turn   | Place    | Note
-------+----------+-------------------------------------------
     0 | D:1      | spiderkeys the Tengu Air Elementalist began the quest for
                  | the Orb.
     0 | D:1      | Reached XP level 1. HP: 10/10 MP: 4/4
   211 | D:1      | Reached XP level 2. HP: 15/15 MP: 4/6
  1099 | D:2      | Reached XP level 3. HP: 12/19 MP: 0/7
  1427 | D:2      | Gained mutation: You have a somewhat thin skeletal
                  | structure. (Dex +2, Stealth) [potion of mutation]
  1427 | D:2      | Gained mutation: Your mind is acute. (Int +2) [potion of
                  | mutation]
  1427 | D:2      | Gained mutation: Armour fits poorly on your strangely
                  | shaped body. [potion of mutation]
  1427 | D:2      | Gained mutation: You are strong-willed. (Will+) [potion of
                  | mutation]
  1429 | D:2      | Slain by an adder

Illustrated notes

Levels and vault maps discovered:
D:1:      saegor_arrival_simple_b, layout_loops_ring, serial_rivers,
          chequers_serial_rivers_micro_a, chequers_serial_rivers_micro_b,
          chequers_serial_rivers_large_b, chequers_serial_rivers_micro_a,
          amethyst_killhole, minmay_domino_4
D:2:      layout_loops_ring, nicolae_ru_path_of_blood

Skill      XL: |  1  2 |
---------------+-------+-----
Conjurations   | 2 |  2.2
Dodging        | |  2.6
Stealth        | |  2.0
Spellcasting   | |  2.3
Air Magic      | |  4.7

Action                   || total
-------------------------++-------
Melee: Unarmed           ||     1
       Kick              ||     1
 Cast: Shock             ||    55
  Use: Potion            ||     3
Armor: Robe              ||     5
Dodge: Dodged            ||    13

Table legend: (Time is in decaauts)
 A = Elapsed time spent in this place.
 B = Non-inter-level travel time spent in this place.
 C = Inter-level travel time spent in this place.
 D = Time resting spent in this place.
 E = Time spent auto-exploring this place.
 F = Levels seen in this place.
 G = Mean time per level.
                   A        B        C        D        E       F      G
               +--------+--------+--------+--------+--------+-----+--------+
         Total |   1480 |   1466 |     14 |     47 |   1268 |   2 |  740.0 |
       Dungeon |   1480 |   1466 |     14 |     47 |   1268 |   2 |  740.0 |
               +--------+--------+--------+--------+--------+-----+--------+

Top non-repeatable levels by time:
     D:1: 1125 daAuts
     D:2: 355 daAuts
